 Dungeon Crawl Stone Soup version 0.31-a0-210-gccc998df9b (webtiles) character file.

Game seed: 11896219340505247907

394 qw the Chopper (level 6, 0/38 HPs)
             Began as a Gargoyle Fighter on June 30, 2023.
             Was an Initiate of Okawaru.
             Slain by an orc priest
             ... wielding a +0 flail
              (9 damage)
             ... on level 3 of the Dungeon.
             The game lasted 00:01:27 (1993 turns).

qw the Chopper (Gargoyle Fighter)                   Turns: 1993, Time: 00:01:27

Health: 0/38       AC: 12    Str: 21    XL:     6   Next: 81%
Magic:  5/7        EV: 11    Int:  9    God:    Okawaru [......]
Gold:   88         SH: 10    Dex:  9    Spells: 5/5 levels left

rFire   . . .        Y - +0 war axe
rCold   . . .        c - +0 buckler
rNeg    + . .        b - +0 scale mail
rPois   inf          (no helmet)
rElec   +            (no cloak)
rCorr   .            (no gloves)
SInv    +            (no boots)
Will    .....        m - amulet of reflection
Stlth   +            p - ring of see invisible
HPRegen 0.26/turn    (no ring)
MPRegen 0.10/turn

%: reflection
@: about to teleport, heroic
A: sickness immunity, AC +4, negative energy resistance 1, electricity
resistance, torment resistance 1, petrification resistance
a: Renounce Religion


You were on level 3 of the Dungeon.
You worshipped Okawaru.
Okawaru was noncommittal.
You visited 1 branch of the dungeon, and saw 3 of its levels.

You collected 88 gold pieces.


Innate Abilities, Weirdness & Mutations

You are immune to sickness and miasma.
Your stone body is resilient. (AC +4)
You are immune to poison.
You resist negative energy. (rN+)
You are resistant to electric shocks. (rElec)
You are resistant to unholy torment.
You are immune to petrification.


   Skills:
 + Level 3.9(8.9) Fighting
 - Level 5.9(10.9) Axes
 - Level 3.2(8.2) Armour
 - Level 3.2(8.2) Shields
 - Level 1.6 Invocations


You had 5 spell levels left.
You didn't know any spells.
Your spell library was empty.

Inventory:

Hand Weapons
 e - a +0 flail
 Y - a +0 war axe (weapon)
Missiles
 o - 9 boomerangs (quivered)
Armour
 b - a +0 scale mail (worn)
 c - a +0 buckler (worn)
 j - a +0 chain mail
Jewellery
 m - an amulet of reflection (around neck)
 p - a ring of see invisible (left hand)
Scrolls
 h - a scroll of fog {unknown}
 i - 3 scrolls of identify
Potions
 d - a potion of might
 f - a potion of lignification {unknown}
 g - a potion of resistance {unknown}
 k - a potion of curing {unknown}
 l - 2 potions of attraction {unknown}
 n - 2 potions of degeneration {unknown}
 q - a potion of mutation {unknown}

Dungeon Overview and Level Annotations

Branches:
Dungeon (3/15)

Altars:
Cheibriados
Okawaru
Ru


Message History

Enter note:
Enter note:
Enter note:
Enter note: An orc priest comes into view.
It is wielding a +0 flail.
Found a stone staircase leading down.
Enter note:
Enter note:
Enter note:
Enter note:
Enter note:
Enter note:
Enter note:
Enter note:
Enter note: You closely miss the orc.
The orc priest shouts!
The orc priest mumbles some strange prayers to Beogh against you.
Beogh smites you!
You barely miss the orc priest. You barely miss the orc.
The orc priest hits you with a +0 flail.
You block the orc's attack.
1991 ||| READING scroll of teleportation.
As you read the scroll of teleportation, it crumbles to dust.
You feel strangely unstable.
The orc priest hits you but does no damage.
You block the orc's attack. The orc closely misses you.
You hit the orc priest but do no damage.
You slash the orc!
You kill the orc!
Okawaru accepts your kill.
You slash the orc!
You kill the orc!
Okawaru accepts your kill. The orc priest barely misses you.
You barely miss the orc priest. You slash the orc!
You kill the orc!
Okawaru accepts your kill.
The orc priest hits you with a +0 flail!
You die...

#.# #.# #.#
#.# #.# #.#
#.#
#.########.#
#...@).o...>
#.....)o......
##############


You could see 2 orc priests.

Vanquished Creatures
  Sigmund (D:3)
  An orc priest (D:3)
  Jessica (D:2)
  An iguana (D:3)
  An orc wizard (D:3)
  3 adders (D:2)
  A dart slug (D:1)
  10 orcs (D:3)
  8 endoplasms
  12 giant cockroaches
  4 goblins
  9 hobgoblins
  3 jackals (D:3)
  3 quokkas
  5 ball pythons
  5 bats
  3 frilled lizards
  9 kobolds
  9 rats
89 creatures vanquished.

Notes
Turn   | Place    | Note
-------+----------+-------------------------------------------
     0 | D:1      | qw the Gargoyle Fighter began the quest for the Orb.
     0 | D:1      | Reached XP level 1. HP: 14/14 MP: 1/1
     0 | D:1      | 0 ||| qw: Version: 0.3-a-24-ga2abf7b
     0 | D:1      | 0 ||| qw: Game counter: 7147
     0 | D:1      | 0 ||| qw: Melee chars always use a shield: true
     0 | D:1      | 0 ||| qw: God list: Okawaru
     0 | D:1      | 0 ||| qw: Allow faded altars: false
     0 | D:1      | 0 ||| qw: Do Orc after clearing Dungeon:15 true
     0 | D:1      | 0 ||| qw: Do second Lair branch before Depths: true
     0 | D:1      | 0 ||| qw: Lair rune preference: random
     0 | D:1      | 0 ||| qw: Goals: Normal, Zot:1-4, Slime:5, God:TSO, Crypt,
                  | Tomb, Abyss, Pan, Hells, Win
     0 | D:1      | 0 ||| PLANNING D:1-11
    19 | D:1      | Reached skill level 2 in Axes
    33 | D:1      | 33 ||| Stepping ~*~*~tactically~*~*~ (stealth).
    39 | D:1      | 39 ||| Stepping ~*~*~tactically~*~*~ (stealth).
    47 | D:1      | Reached XP level 2. HP: 19/19 MP: 2/2
    52 | D:1      | 52 ||| Stepping ~*~*~tactically~*~*~ (stealth).
    54 | D:1      | 54 ||| Stepping ~*~*~tactically~*~*~ (stealth).
    56 | D:1      | 56 ||| Stepping ~*~*~tactically~*~*~ (stealth).
   122 | D:1      | 122 ||| Stepping ~*~*~tactically~*~*~ (stealth).
   123 | D:1      | 123 ||| Stepping ~*~*~tactically~*~*~ (stealth).
   135 | D:1      | 135 ||| FLEEEEING.
   182 | D:1      | 182 ||| Stepping ~*~*~tactically~*~*~ (stealth).
   187 | D:1      | 187 ||| DROPPING +0 club.
   190 | D:1      | 190 ||| Stepping ~*~*~tactically~*~*~ (stealth).
   191 | D:1      | 191 ||| Stepping ~*~*~tactically~*~*~ (stealth).
   192 | D:1      | 192 ||| Stepping ~*~*~tactically~*~*~ (stealth).
   259 | D:1      | Reached skill level 3 in Axes
   262 | D:1      | Reached XP level 3. HP: 23/23 MP: 3/3
   262 | D:1      | 262 ||| Stepping ~*~*~tactically~*~*~ (stealth).
   263 | D:1      | 263 ||| Stepping ~*~*~tactically~*~*~ (stealth).
   502 | D:1      | 502 ||| UPGRADING to amulet of reflection.
   507 | D:1      | 507 ||| UPGRADING to ring of see invisible.
   508 | D:1      | 508 ||| READING scroll labelled DYLUH YTHROTHA.
   609 | D:1      | 609 ||| READING scroll labelled ZAECRIRUMA.
   610 | D:1      | 610 ||| READING scroll labelled NYDDOW ZONT.
   611 | D:1      | 611 ||| READING scroll labelled NYUNUSHREU YCIO.
   612 | D:1      | 612 ||| READING scroll labelled LOSOUVODAU.
   666 | D:2      | Found an iron altar of Okawaru.
   667 | D:2      | 667 ||| PLANNING OKAWARU WORSHIP
   685 | D:2      | 685 ||| FLEEEEING.
   686 | D:2      | 686 ||| FLEEEEING.
   687 | D:2      | 687 ||| FLEEEEING.
   688 | D:2      | 688 ||| FLEEEEING.
   689 | D:2      | 689 ||| FLEEEEING.
   690 | D:2      | 690 ||| FLEEEEING.
   691 | D:2      | 691 ||| FLEEEEING.
   692 | D:2      | 692 ||| FLEEEEING.
   693 | D:2      | 693 ||| FLEEEEING.
   694 | D:2      | 694 ||| FLEEEEING.
   721 | D:2      | Became a worshipper of Warmaster Okawaru
   722 | D:2      | 722 ||| PLANNING D:1-11
   782 | D:2      | 782 ||| Stepping ~*~*~tactically~*~*~ (stealth).
   787 | D:2      | Reached XP level 4. HP: 25/28 MP: 4/4
   802 | D:2      | Reached skill level 4 in Axes
   982 | D:2      | Noticed Jessica
   991 | D:2      | Killed Jessica
   992 | D:2      | Reached XP level 5. HP: 30/32 MP: 5/5
  1078 | D:2      | 1078 ||| READING scroll labelled ISKOWI GIAPU.
  1081 | D:2      | 1081 ||| READING scroll labelled ZUETOAPNY POCW.
  1123 | D:3      | Found a snail-covered altar of Cheibriados.
  1188 | D:3      | 1188 ||| DROPPING +0 mace.
  1246 | D:3      | 1246 ||| Stepping ~*~*~tactically~*~*~ (stealth).
  1247 | D:3      | 1247 ||| Stepping ~*~*~tactically~*~*~ (stealth).
  1297 | D:3      | Found a sacrificial altar of Ru.
  1464 | D:3      | 1464 ||| Stepping ~*~*~tactically~*~*~ (hiding).
  1686 | D:3      | Noticed Sigmund
  1687 | D:3      | 1687 ||| FLEEEEING.
  1690 | D:3      | 1690 ||| FLEEEEING.
  1691 | D:3      | 1691 ||| FLEEEEING.
  1695 | D:3      | 1695 ||| Stepping ~*~*~tactically~*~*~ (hiding).
  1717 | D:3      | Killed Sigmund
  1717 | D:3      | Reached * piety under Okawaru
  1718 | D:3      | Reached skill level 5 in Axes
  1718 | D:3      | Reached XP level 6. HP: 30/37 MP: 6/6
  1752 | D:3      | 1752 ||| Stepping ~*~*~tactically~*~*~ (hiding).
  1754 | D:3      | 1754 ||| Stepping ~*~*~tactically~*~*~ (hiding).
  1759 | D:3      | 1759 ||| INVOKING Heroism.
  1782 | D:3      | 1782 ||| Stepping ~*~*~tactically~*~*~ (stealth).
  1784 | D:3      | 1784 ||| Stepping ~*~*~tactically~*~*~ (stealth).
  1787 | D:3      | 1787 ||| Stepping ~*~*~tactically~*~*~ (stealth).
  1795 | D:3      | 1795 ||| INVOKING Heroism.
  1796 | D:3      | 1796 ||| INVOKING Heroism.
  1803 | D:3      | 1803 ||| Stepping ~*~*~tactically~*~*~ (water).
  1806 | D:3      | Reached skill level 1 in Invocations
  1811 | D:3      | 1811 ||| INVOKING Heroism.
  1986 | D:3      | 1986 ||| INVOKING Heroism.
  1990 | D:3      | HP: 8/38 [orc priest/+0 flail (5)]
  1991 | D:3      | 1991 ||| READING scroll of teleportation.
  1993 | D:3      | Slain by an orc priest

Levels and vault maps discovered:
D:1:      mrwooster_arrival_statue, layout_rooms, st_stairs_13, chequers_garden
D:2:      minmay_roachtagon, layout_rooms, basic_altar, uniq_jessica
D:3:      cheibrodos_helix_gallery, layout_loops_ring,
          mainiacjoe_overflow_paths, nicolae_overflow_hidden_temple,
          uniq_crazy_yiuf_cottage, uniq_sigmund, uniq_robin

Skill      XL: |  1  2  3  4  5  6 |
---------------+-------------------+-----
Axes           | 2 3 4 5 |  5.9
Invocations    | 1 |  1.6
Fighting       | |  3.9
Armour         | |  3.2
Shields        | |  3.2

Action                     |  1- 3 |  4- 6 || total
---------------------------+-------+-------++-------
  Melee: War axe           |    77 |    99 ||   176
  Throw: Boomerang         |    27 |    52 ||    79
 Invoke: Heroism           |       |     4 ||     4
    Use: Scroll            |     5 |     3 ||     8
 Armour: Scale mail        |    27 |    24 ||    51
  Dodge: Dodged            |    27 |    38 ||    65
  Block: Buckler           |    18 |    51 ||    69
         Reflection        |       |     3 ||     3

Table legend:
 A = Non-vault XP
 B = Vault XP
 C = Vault XP percentage of total XP
 D = Non-vault monster count
 E = Vault monster count
 F = Vault count percentage of total count
                 A         B        C        D         E       F
            +---------+---------+-------+---------+---------+-------
      Total |     282 |     284 |  50.2 |      76 |      13 |  14.6
            +---------+---------+-------+---------+---------+-------
        D:1 |      44 |       6 |  12.0 |      27 |       2 |   6.9
        D:2 |      64 |      53 |  45.3 |      17 |       9 |  34.6
        D:3 |     174 |     225 |  56.4 |      32 |       2 |   5.9
            +---------+---------+-------+---------+---------+-------
